 Dungeon Crawl Stone Soup version 0.24.1-14-gf8d2b509d9 (webtiles) character file.

Game seed: 14577279448136009494, levelgen mode: deterministic

92 Gildeon the Firebug (level 4, -9/32 HPs)
             Began as a Mummy Fire Elementalist on June 5, 2020.
             Was a Follower of Dithmenos.
             Killed from afar by an orc wizard (18 damage)
             ... with a puff of flame
             ... on level 3 of the Dungeon.
             The game lasted 00:08:52 (2633 turns).

Gildeon the Firebug (Mummy Fire Elementalist)       Turns: 2633, Time: 00:08:53

Health: -9/32      AC:  3    Str: 11    XL:     4   Next: 35%
Magic:  1/8        EV: 12    Int: 15    God:    Dithmenos [*.....]
Gold:   124        SH:  0    Dex: 12    Spells: 2/8 levels left

rFire    x . .     SeeInvis .   h - +1 dagger (vamp)
rCold    + . .     Gourm    .   (no shield)
rNeg     + + +     Faith    .   a - +0 robe
rPois    ∞         Spirit   .   (no helmet)
rElec    .         Reflect  .   c - +0 cloak
rCorr    .         Harm     .   (no gloves)
MR       .....                  (no boots)
Stlth    ++........             (no amulet)
HPRegen  0.10/turn              (no ring)
MPRegen  0.11/turn              (no ring)

@: very slightly contaminated, wreathed by umbra
A: no food or potions, fire vulnerability, cold resistance 1, negative energy
resistance 3, torment resistance, unbreathing
a: Renounce Religion


You were on level 3 of the Dungeon.
You worshipped Dithmenos.
Dithmenos was aware of your devotion.
You were not hungry.

You visited 1 branch of the dungeon, and saw 3 of its levels.

You collected 124 gold pieces.

Inventory:

Hand Weapons
 h - a +1 vampiric dagger (weapon)
Missiles
 d - 141 stones (quivered)
Armour
 a - a +0 robe (worn)
 c - a +0 cloak (worn)
Scrolls
 b - 2 scrolls of amnesia {unknown}
 e - 2 scrolls of blinking
 f - 4 scrolls of remove curse
 g - 2 scrolls of fear {unknown}
 i - a scroll of teleportation {unknown}


   Skills:
 + Level 1.6 Fighting
 + Level 2.1 Dodging
 + Level 2.2 Stealth
 - Level 2.6 Spellcasting
 + Level 1.6 Conjurations
 + Level 2.9 Fire Magic


You had 2 spell levels left.
You knew the following spells:

 Your Spells              Type           Power        Failure   Level  Hunger
a - Flame Tongue          Conj/Fire      #....        9%          1    N/A
b - Throw Flame           Conj/Fire      #.....       12%         2    N/A
c - Conjure Flame         Conj/Fire      #.......     24%         3    N/A

Your spell library contained the following spells:

 Spells                   Type           Power        Failure   Level  Hunger
 Inner Flame              Hex/Fire       #.......     34%         3    N/A
 Sticky Flame             Conj/Fire      #.......     63%         4    N/A
 Fireball                 Conj/Fire      #.........   92%         5    N/A

Dungeon Overview and Level Annotations

Branches:
Dungeon (3/15)

Altars:
Dithmenos
Okawaru
Uskayaw


Innate Abilities, Weirdness & Mutations

You do not eat or drink.
Your flesh is vulnerable to fire.
You are immune to poison.
Your flesh is cold resistant. (rC+)
You are immune to negative energy. (rN+++)
You are immune to unholy pain and torment.
You can survive without breathing.


Message History

You are very lightly contaminated with residual magic.
Nothing appears to happen.
Something hits you but does no damage.
You miss something. Something hits you but does no damage.
You closely miss something. Something hits you.
You hit something.
You feel better.
You hear some strange, mumbled words.
A puff of frost appears from out of thin air!
The puff of frost hits you but does no damage.
You resist.
You closely miss something. Something hits you but does no damage.
You miss something. Something hits you.
* * * LOW HITPOINT WARNING * * *
You barely miss something. Something hits you but does no damage.
You closely miss something. Something hits you but does no damage.
You hit something but do no damage.
You hear some strange, mumbled words.
A puff of flame appears from out of thin air!
The puff of flame hits you!! The fire burns you terribly!
Ouch! That really hurt!
You die...

#.# #.# #.# #.####### #####
### .....^... .... ....
.......## #.#######.# ....#
#.####.#####.oro.o..%#......
#.#..#.##.##########.....#.
................@{S.........
.....#.##.##########....##.#
#.#.##.##.####### #....+
#.#....##.#.....# #....#
..#....##.#.....# ..#.##
###.##.##.#.....## #.#.# .
#.##.#.........# #.#.#
.......##..###+## .. ..
#####.#


You could see a ball python.

Vanquished Creatures
  3 adders
  2 worms (D:3)
  A dart slug (D:1)
  2 leopard geckos
  6 orcs (D:3)
  4 bats
  2 giant cockroaches (D:1)
  5 hobgoblins
  6 kobolds
  A ball python (D:3)
  A frilled lizard (D:3)
  8 goblins
  7 rats
48 creatures vanquished.

Notes
Turn   | Place    | Note
-------+----------+-------------------------------------------
     0 | D:1      | Gildeon the Mummy Fire Elementalist began the quest for the
                  | Orb.
     0 | D:1      | Reached XP level 1. HP: 13/13 MP: 4/4
   460 | D:1      | Reached skill level 1 in Conjurations
   519 | D:1      | Reached XP level 2. HP: 20/20 MP: 3/5
   527 | D:1      | Learned a level 2 spell: Throw Flame
  1155 | D:2      | Found a shadowy altar of Dithmenos.
  1184 | D:2      | Became a worshipper of Dithmenos the Shadowed
  1256 | D:2      | Reached skill level 1 in Fighting
  1256 | D:2      | Reached XP level 3. HP: 19/26 MP: 0/7
  1261 | D:2      | Learned a level 3 spell: Conjure Flame
  1602 | D:2      | Found an iron altar of Okawaru.
  2036 | D:3      | Noticed a +0 dagger
  2037 | D:3      | Noticed a +0 dagger
  2040 | D:3      | Found a hide-covered altar of Uskayaw.
  2216 | D:3      | Reached XP level 4. HP: 32/32 MP: 6/8
  2614 | D:3      | Reached * piety under Dithmenos
  2633 | D:3      | Killed from afar by an orc wizard

Levels and vault maps discovered:
D:1:      dpeg_arrival_prison, layout_loops_ring
D:2:      layout_rooms, nicolae_overflow_crystal_walls, okawaru_gym_becter
D:3:      minmay_evil_eye, layout_basic, lemuel_doored_altar,
          dancing_weapons_uskayaw, first_ration, minmay_misc_feat_ornament,
          kennysheep_generic_room_5, uniq_jessica

Skill      XL: |  1  2  3 |
---------------+----------+-----
Conjurations   | 1 |  1.6
Fighting       | 1 |  1.6
Stealth        | 2 |  2.2
Dodging        | 2 |  2.1
Spellcasting   | |  2.6
Fire Magic     | |  2.9

Action                   |  1- 3 |  4- 6 || total
-------------------------+-------+-------++-------
Melee: Unarmed           |    11 |       ||    11
       Dagger            |    27 |    26 ||    53
 Cast: Flame Tongue      |    64 |    29 ||    93
  Use: Scroll            |     2 |       ||     2
 Stab: Sleeping          |     3 |       ||     3
Armor: Robe              |    14 |     7 ||    21
Dodge: Dodged            |    39 |    18 ||    57
